BSA
SO CAL HENVY @ NIAGARA FALLS FRENZY
09/18/2026
 
TOP OF THE 1ST
So Cal Henvy batting - Pitching for Niagara Falls Frenzy : RHP Étienne Garcia
Pitching: RHP Étienne Garcia
Batting: SHB Miguel González 0-0: Called Strike
0-1: Ball
1-1: SINGLE (Line Drive, 8RS)
Batting: LHB John Peterson 0-0: Ball
1-0: Swinging Strike
1-1: Fly out, F9 (Flyball, 9M)
1-1: Fly out, F9 (Flyball, 9M)
Batting: RHB Earl Wiggins 0-0: Called Strike
0-1: Called Strike
0-2: Grounds into double play, 6-4-3 (Groundball, 6)
Top of the 1st over - 0 run(s), 1 hit(s), 0 error(s), 0 left on base; So Cal 0 - Niagara Falls 0
BOTTOM OF THE 1ST
Niagara Falls Frenzy batting - Pitching for So Cal Henvy : LHP Tomás Fajardo
Pitching: LHP Tomás Fajardo
Batting: RHB Keitaro Suzuki 0-0: Ball
1-0: SINGLE (Line Drive, 56D)
Batting: LHB Dante Owens 0-0: Called Strike
0-1: Ball
1-1: Ball
2-1: Foul Ball, location: 2F
2-2: Ball
3-2: Base on Balls
Keitaro Suzuki to second
Batting: SHB Martín De Jesús 0-0: Foul Ball, location: 2F
0-1: 3-RUN HOME RUN (Flyball, 7D), Distance : 386 ft
Batting: RHB Lawrence Schroeder 0-0: Called Strike
0-1: Called Strike
0-2: Ball
1-2: Ball
2-2: Foul Ball, location: 2F
2-2: Ball
3-2: Base on Balls
Batting: RHB Zander Tremblett 0-0: Called Strike
0-1: Grounds into double play, U6-3 (Groundball, 6M)
Batting: RHB Ángel Hinojosa 0-0: Fly out, F7 (Line Drive, 7S)
Bottom of the 1st over - 3 run(s), 2 hit(s), 0 error(s), 0 left on base; So Cal 0 - Niagara Falls 3
TOP OF THE 2ND
So Cal Henvy batting - Pitching for Niagara Falls Frenzy : RHP Étienne Garcia
Batting: RHB Rubén Calderón 0-0: Foul Ball, location: 2F
0-1: SINGLE (Groundball, 5D)
Batting: LHB José Antonio Santiago 0-0: Ball
1-0: Ball
2-0: 2-RUN HOME RUN (Flyball, 89XD), Distance : 458 ft
Batting: RHB Morgan Gibbon 0-0: Ball
1-0: Called Strike
1-1: Called Strike
1-2: Fly out, F5 (Popup, 25)
Batting: LHB Leo Wyeth 0-0: Called Strike
0-1: Ball
1-1: Ball
2-1: Foul Ball, location: 2F
2-2: Foul Ball, location: 2F
2-2: Foul Ball, location: 2F
2-2: Foul Ball, location: 2F
2-2: Ground out 4-3 (Groundball, 4)
Batting: SHB Derek Roach 0-0: Foul Ball, location: 2F
0-1: Ground out U3 (Groundball, 3L)
Top of the 2nd over - 2 run(s), 2 hit(s), 0 error(s), 0 left on base; So Cal 2 - Niagara Falls 3
BOTTOM OF THE 2ND
Niagara Falls Frenzy batting - Pitching for So Cal Henvy : LHP Tomás Fajardo
Batting: LHB Bill Hall 0-0: Called Strike
0-1: Ball
1-1: Swinging Strike
1-2: Ball
2-2: Strikes out swinging
Batting: RHB Luther Stoffels 0-0: Ground out 5-3 (Groundball, 56)
Batting: RHB Jung-ha Kim 0-0: Ground out 4-3 (Groundball, 34)
Bottom of the 2nd over - 0 run(s), 0 hit(s), 0 error(s), 0 left on base; So Cal 2 - Niagara Falls 3
TOP OF THE 3RD
So Cal Henvy batting - Pitching for Niagara Falls Frenzy : RHP Étienne Garcia
Batting: RHB Gregg Nelson 0-0: Ground out 6-3 (Groundball, 6)
Batting: SHB Miguel González 0-0: Ball
1-0: Ball
2-0: Ground out 6-3 (Groundball, 6M)
Batting: LHB John Peterson 0-0: Called Strike
0-1: Ball
1-1: Foul Ball, location: 2F
1-2: Ball
2-2: Foul Ball, location: 2F
2-2: Ball
3-2: Ground out 1-3 (Groundball, 23)
Top of the 3rd over - 0 run(s), 0 hit(s), 0 error(s), 0 left on base; So Cal 2 - Niagara Falls 3
BOTTOM OF THE 3RD
Niagara Falls Frenzy batting - Pitching for So Cal Henvy : LHP Tomás Fajardo
Batting: RHB Keitaro Suzuki 0-0: Called Strike
0-1: Ball
1-1: Fly out, F8 (Flyball, 8LD)
Batting: LHB Dante Owens 0-0: Swinging Strike
0-1: Foul Ball, location: 2F
0-2: Ball
1-2: SOLO HOME RUN (Flyball, 8LXD), Distance : 416 ft
Batting: SHB Martín De Jesús 0-0: Ball
1-0: Ball
2-0: Called Strike
2-1: Ground out 4-3 (Groundball, 4M)
Batting: RHB Lawrence Schroeder 0-0: Foul Ball, location: 2F
0-1: Ground out 3-1 (Groundball, 34)
Bottom of the 3rd over - 1 run(s), 1 hit(s), 0 error(s), 0 left on base; So Cal 2 - Niagara Falls 4
TOP OF THE 4TH
So Cal Henvy batting - Pitching for Niagara Falls Frenzy : RHP Étienne Garcia
Batting: RHB Earl Wiggins 0-0: Fly out, F9 (Flyball, 9M)
Batting: RHB Rubén Calderón 0-0: Foul Ball, location: 2F
0-1: Ground out 6-3 (Groundball, 5)
Batting: LHB José Antonio Santiago 0-0: Ball
1-0: Fly out, F5 (Popup, 5L)
Top of the 4th over - 0 run(s), 0 hit(s), 0 error(s), 0 left on base; So Cal 2 - Niagara Falls 4
BOTTOM OF THE 4TH
Niagara Falls Frenzy batting - Pitching for So Cal Henvy : LHP Tomás Fajardo
Batting: RHB Zander Tremblett 0-0: Ball
1-0: Ball
2-0: Ball
3-0: Base on Balls
Batting: RHB Ángel Hinojosa 0-0: Swinging Strike
0-1: Ball
1-1: Foul Ball, location: 2F
1-2: Ball
2-2: Strikes out looking
Batting: LHB Bill Hall 0-0: Ball
1-0: Foul Ball, location: 2F
1-1: Foul Ball, location: 2F
1-2: Ball
2-2: Ball
3-2: Foul Ball, location: 2F
3-2: Grounds into double play, 3-6-3 (Groundball, 3)
Bottom of the 4th over - 0 run(s), 0 hit(s), 0 error(s), 0 left on base; So Cal 2 - Niagara Falls 4
TOP OF THE 5TH
So Cal Henvy batting - Pitching for Niagara Falls Frenzy : RHP Étienne Garcia
Batting: RHB Morgan Gibbon 0-0: Called Strike
0-1: Called Strike
0-2: Foul Ball, location: 2F
0-2: Ball
1-2: Ground out 3-1 (Groundball, 34)
Batting: LHB Leo Wyeth 0-0: Ball
1-0: Swinging Strike
1-1: Ball
2-1: Ball
3-1: Swinging Strike
3-2: Ground out 2-3 (Groundball, 2L)
Batting: SHB Derek Roach 0-0: Ball
1-0: SINGLE (Groundball, 4MD)
Batting: RHB Gregg Nelson 0-0: Ball
1-0: Called Strike
1-1: Ball
2-1: Ball
3-1: Base on Balls
Derek Roach to second
Batting: SHB Miguel González 0-0: DOUBLE (Line Drive, 9LS)
Derek Roach scores
Gregg Nelson to third
Batting: LHB John Peterson 0-0: Foul Ball, location: 2F
0-1: Ball
1-1: Swinging Strike
1-2: Fly out, F3 (Line Drive, 3)
Top of the 5th over - 1 run(s), 2 hit(s), 0 error(s), 2 left on base; So Cal 3 - Niagara Falls 4
BOTTOM OF THE 5TH
Niagara Falls Frenzy batting - Pitching for So Cal Henvy : LHP Tomás Fajardo
Batting: RHB Luther Stoffels 0-0: Foul Ball, location: 2F
0-1: Ball
1-1: Ball
2-1: Ball
3-1: Called Strike
3-2: Foul Ball, location: 2F
3-2: Base on Balls
Batting: RHB Jung-ha Kim 0-0: Ball
1-0: Called Strike
1-1: Ball
2-1: Foul Ball, location: 2F
2-2: Foul Ball, location: 2F
2-2: Foul Ball, location: 2F
2-2: Foul Ball, location: 2F
2-2: Strikes out swinging
Batting: RHB Keitaro Suzuki 0-0: Ball
1-0: Ball
2-0: Foul Ball, location: 2F
2-1: Ball
3-1: Called Strike
3-2: Base on Balls
Luther Stoffels to second
Batting: LHB Dante Owens 0-0: Called Strike
0-1: Foul Ball, location: 2F
0-2: Ball
1-2: Ball
2-2: Foul Ball, location: 2F
2-2: Ball
3-2: Fly out, F8 (Flyball, 8LD)
Runner from 2nd tags up, SAFE at 3rd, no throw
Batting: SHB Martín De Jesús 0-0: Called Strike
0-1: Ball
1-1: Ball
2-1: SINGLE (Line Drive, 8RS)
Luther Stoffels scores
Keitaro Suzuki to second
Batting: RHB Lawrence Schroeder 0-0: Foul Ball, location: 2F
0-1: Reached on error, E5 (Groundball, 5S)
Keitaro Suzuki scores
Martín De Jesús to third
Batting: RHB Zander Tremblett 0-0: Foul Ball, location: 2F
0-1: Ball
1-1: SINGLE (Line Drive, 7LS)
Martín De Jesús scores
Lawrence Schroeder to third
Runner from 3rd tries for Home, SAFE, no throw or cutoff
Pitching: RHP Flint Gray
Batting: RHB Ángel Hinojosa 0-0: Swinging Strike
0-1: Ball
1-1: Fly out, F8 (Line Drive, 8LD)
Bottom of the 5th over - 4 run(s), 2 hit(s), 1 error(s), 1 left on base; So Cal 3 - Niagara Falls 8
TOP OF THE 6TH
So Cal Henvy batting - Pitching for Niagara Falls Frenzy : RHP Étienne Garcia
Batting: RHB Earl Wiggins 0-0: Ball
1-0: SINGLE (Flyball, 78S)
Batting: RHB Rubén Calderón 0-0: Grounds into double play, 5-4-3 (Groundball, 5)
Batting: LHB José Antonio Santiago 0-0: Ball
1-0: Ball
2-0: Ball
3-0: Ground out 2-3 (Groundball, 2R)
Top of the 6th over - 0 run(s), 1 hit(s), 0 error(s), 0 left on base; So Cal 3 - Niagara Falls 8
BOTTOM OF THE 6TH
Niagara Falls Frenzy batting - Pitching for So Cal Henvy : RHP Flint Gray
Batting: LHB Bill Hall 0-0: Ball
1-0: SINGLE (Groundball, 5D)
Batting: RHB Luther Stoffels 0-0: Ball
1-0: Foul Ball, location: 2F
1-1: Ball
2-1: Called Strike
2-2: Fly out, F7 (Flyball, 78M)
Batting: RHB Jung-ha Kim 0-0: Called Strike
0-1: Foul Ball, location: 2F
0-2: Strikes out looking
Batting: RHB Keitaro Suzuki 0-0: Ball
1-0: Ball
2-0: 2-RUN HOME RUN (Line Drive, 7D), Distance : 398 ft
Batting: LHB Dante Owens 0-0: Called Strike
0-1: Fly out, F7 (Flyball, 7M)
Bottom of the 6th over - 2 run(s), 2 hit(s), 0 error(s), 0 left on base; So Cal 3 - Niagara Falls 10
TOP OF THE 7TH
So Cal Henvy batting - Pitching for Niagara Falls Frenzy : RHP Étienne Garcia
Batting: RHB Morgan Gibbon 0-0: Ball
1-0: Ground out 6-3 (Groundball, 6)
Batting: LHB Leo Wyeth 0-0: Ball
1-0: Ground out 3-1 (Groundball, 3D)
Batting: SHB Derek Roach 0-0: Ball
1-0: Ball
2-0: Called Strike
2-1: Called Strike
2-2: Fly out, F3 (Popup, 3F)
Top of the 7th over - 0 run(s), 0 hit(s), 0 error(s), 0 left on base; So Cal 3 - Niagara Falls 10
BOTTOM OF THE 7TH
Niagara Falls Frenzy batting - Pitching for So Cal Henvy : RHP Flint Gray
Batting: SHB Martín De Jesús 0-0: Called Strike
0-1: Ball
1-1: Ball
2-1: Foul Ball, location: 2F
2-2: Ball
3-2: Strikes out swinging
Batting: RHB Lawrence Schroeder 0-0: Ball
1-0: SINGLE (Groundball, 6MD)
Batting: RHB Zander Tremblett 0-0: Ball
1-0: Fly out, F8 (Flyball, 8LD)
Batting: RHB Ángel Hinojosa 0-0: Foul Ball, location: 2F
0-1: Ball
1-1: Foul Ball, location: 2F
1-2: Foul Ball, location: 2F
1-2: Ball
2-2: Strikes out swinging
Bottom of the 7th over - 0 run(s), 1 hit(s), 0 error(s), 1 left on base; So Cal 3 - Niagara Falls 10
TOP OF THE 8TH
So Cal Henvy batting - Pitching for Niagara Falls Frenzy : RHP Étienne Garcia
Batting: RHB Gregg Nelson 0-0: Swinging Strike
0-1: Called Strike
0-2: Strikes out swinging
Batting: SHB Miguel González 0-0: Called Strike
0-1: Ball
1-1: Ball
2-1: Foul Ball, location: 2F
2-2: Foul Ball, location: 2F
2-2: Ball
3-2: Ground out 4-3 (Groundball, 4)
Batting: LHB John Peterson 0-0: Called Strike
0-1: Ball
1-1: Swinging Strike
1-2: Foul Ball, location: 2F
1-2: SINGLE (Line Drive, 34)
Batting: RHB Earl Wiggins 0-0: Ball
1-0: Swinging Strike
Balk!
John Peterson to second
1-1: Ball
2-1: Foul Ball, location: 2F
2-2: Ball
3-2: Base on Balls
Pitching: LHP António Bueno
Batting: RHB Rubén Calderón 0-0: Called Strike
0-1: Swinging Strike
0-2: Foul Ball, location: 2F
0-2: Foul Ball, location: 2F
0-2: Strikes out swinging
Top of the 8th over - 0 run(s), 1 hit(s), 0 error(s), 2 left on base; So Cal 3 - Niagara Falls 10
BOTTOM OF THE 8TH
Niagara Falls Frenzy batting - Pitching for So Cal Henvy : RHP Flint Gray
Pitching: LHP Cecil Bonekamp
Batting: LHB Bill Hall 0-0: Called Strike
0-1: Ball
1-1: Ground out 4-3 (Groundball, 34)
Batting: RHB Luther Stoffels 0-0: Called Strike
0-1: Ball
1-1: Swinging Strike
1-2: Foul Ball, location: 2F
1-2: Ball
2-2: Ball
3-2: Strikes out swinging
Batting: RHB Jung-ha Kim 0-0: Swinging Strike
0-1: Swinging Strike
0-2: Ball
1-2: Strikes out looking
Bottom of the 8th over - 0 run(s), 0 hit(s), 0 error(s), 0 left on base; So Cal 3 - Niagara Falls 10
TOP OF THE 9TH
So Cal Henvy batting - Pitching for Niagara Falls Frenzy : LHP António Bueno
Batting: LHB José Antonio Santiago 0-0: Ball
1-0: Called Strike
1-1: DOUBLE (Line Drive, 9LD)
Batting: RHB Morgan Gibbon 0-0: Ball
1-0: Swinging Strike
1-1: Called Strike
1-2: Ball
2-2: Foul Ball, location: 2F
2-2: SINGLE (Groundball, 56D)
José Antonio Santiago to third
Runner from 3rd tries for Home, throw and OUT!
Batting: LHB Leo Wyeth 0-0: Called Strike
0-1: Foul Ball, location: 2F
0-2: Strikes out swinging
Batting: SHB Derek Roach 0-0: Called Strike
0-1: SINGLE (Groundball, 56D)
Morgan Gibbon to second
Batting: RHB Gregg Nelson 0-0: Ball
1-0: Called Strike
1-1: Foul Ball, location: 2F
1-2: Ball
2-2: Strikes out swinging
Top of the 9th over - 0 run(s), 3 hit(s), 0 error(s), 2 left on base; So Cal 3 - Niagara Falls 10
Monday, December 5th, 2016 - OOTP Baseball 17.12 Build 75